 Dungeon Crawl Stone Soup version 0.30-a0-377-g5cb311bc9f (webtiles) character file.

Game seed: 12188269341202297198

52260 Decritt the Fighter (level 15, -6/118 HPs)
             Began as a Djinni Earth Elementalist on Nov 30, 2022.
             Was a Priest of Makhleb.
             Mangled by a raiju (7 damage)
             ... in a Gauntlet.
             The game lasted 00:58:30 (18350 turns).

Decritt the Fighter (Djinni Earth Elementalist)    Turns: 18350, Time: 00:58:31

Health: -6/118     AC:  7    Str:  9    XL:     15   Next: 5%
Gold:   658        EV: 21    Int: 32    God:    Makhleb [***...] SH:  0 Dex: 15

rFire   + + .      SeeInvis .    z - staff of air
rCold   x . .      Faith    .    (no shield)
rNeg    . . .      Spirit   .    (no body armour)
rPois   ∞          Reflect  .    B - +3 hat of Pondering {ponderous, Will+ MP+10 Int+5}
rElec   +          Harm     .    d - +1 cloak
rCorr   .          Rampage  .    h - +1 pair of gloves
Will    +++..      NoTele   +    (boots unavailable)
Stlth   ++........               (no amulet)
HPRegen 0.39/turn                b - +4 ring of evasion
MPRegen 0.00/turn                o - ring of Satisfaction {Will+ Int+6}

@: flying, very slightly contaminated, slow
A: sickness immunity, fire resistance 2, cold vulnerability 1, float, innate
caster, HP casting, extra vitality 1
a: Renounce Religion, Minor Destruction, Lesser Servant of Makhleb


You were in a Gauntlet.
You worshipped Makhleb.
Makhleb was most pleased with you.
You visited 3 branches of the dungeon, and saw 16 of its levels.
You also visited: Ossuary and Gauntlet.

You collected 874 gold pieces.
You spent 216 gold pieces at shops.

Inventory:

Hand Weapons
 q - the +11 shortbow of Qaijuj {speed, rN+ MP+9}
   (You bought it in a shop on level 5 of the Dungeon)

   Attacks with this weapon are significantly faster.
   rN:        It protects you from negative energy.
   MP:        It affects your magic capacity (+9).
 C - the +4 spear "Qaffewut" {vorpal, Will++ Int+4}
   (You found it on level 7 of the Dungeon)

   It inflicts extra damage upon your enemies.
   Int:       It affects your intelligence (+4).
   Will:      It greatly increases your willpower.
Armour
 d - a +1 cloak (worn)
 h - a +1 pair of gloves (worn)
 y - +0 steam dragon scales
 B - the +3 hat of Pondering (worn) {ponderous, Will+ MP+10 Int+5}
   (You took it off Gastronok on level 8 of the Dungeon)

   Int:       It affects your intelligence (+5).
   MP:        It affects your magic capacity (+10).
   Will:      It increases your willpower.
 E - the +2 leather armour of Ysyry {rF+ Dex+3}
   (You found it on level 9 of the Dungeon)

   Dex:       It affects your dexterity (+3).
   rF:        It protects you from fire.
Magical Staves
 j - a staff of conjuration
 z - a staff of air (weapon)
Jewellery
 b - a +4 ring of evasion (left hand)
 l - a ring of see invisible
 n - a ring of resist corrosion
 o - the ring of Satisfaction (right hand) {Will+ Int+6}
   (You acquired it on level 4 of the Dungeon)

   [ring of intelligence]

   Int:       It affects your intelligence (+6).
   Will:      It increases your willpower.
 M - the ring "Rysexto" {rN+ Dex+3}
   (You found it in a Gauntlet)

   [ring of positive energy]

   Dex:       It affects your dexterity (+3).
   rN:        It protects you from negative energy.
Wands
 i - a wand of paralysis (5)
 w - a wand of polymorph (11)
 K - a wand of digging (3)
Scrolls
 e - 6 scrolls of teleportation
 m - a scroll of fear
 p - a scroll of poison {unknown}
 t - a scroll of blinking {unknown}
 D - 2 scrolls of amnesia {unknown}
 F - 2 scrolls of butterflies {unknown}
 G - a scroll of immolation {unknown}
 H - a scroll of enchant armour
 J - a scroll of summoning {unknown}
 L - 3 scrolls of enchant weapon {unknown}
Potions
 a - 2 potions of invisibility
 c - 4 potions of lignification
 f - 3 potions of heal wounds
 g - 8 potions of curing
 k - 5 potions of cancellation
 s - 2 potions of haste
 u - a potion of might
 v - a potion of resistance
 x - a potion of brilliance
 A - a potion of ambrosia
 I - 2 potions of mutation


   Skills:
 * Level 14.9 Fighting
 + Level 8.8 Armour
 + Level 10.0 Dodging
 - Level 1.5 Stealth
 * Level 11.5 Spellcasting


You had 3 spell levels left.
You knew the following spells:

 Your Spells              Type           Power      Damage    Failure   Level
a - Borgnjor's Vile Clut  Necr/Erth      37%        N/A       1%          5
b - Inner Flame           Hex/Fire       75%        N/A       1%          3
c - Scorch                Fire           100%       2d10      1%          2
d - Conjure Ball Lightni  Conj/Air       47%        3x3d16    3%          6
e - Passwall              Tmut/Erth      62%        N/A       1%          2
f - Static Discharge      Conj/Air       100%       2-7/arc   1%          2
g - Kiss of Death         Conj/Necr      100%       2d13      1%          1
h - Sandblast             Erth           100%       2d20      1%          1
i - Petrify               Tmut/Erth      75%        N/A       1%          4
j - Silence               Hex/Air        47%        N/A       1%          5
k - Stone Arrow           Conj/Erth      100%       3d13      1%          3
Your spell library was empty.

Dungeon Overview and Level Annotations

Branches:
Dungeon (11/15)            Temple (1/1) D:4            Lair (4/5) D:10
 Shoals (0/4) Lair:2       Spider (0/4) Lair:3          Orc (0/2) D:10
Ossuary (visited)         Gauntlet (1/1)
  Slime: Lair:4-5

Altars:
Ashenzari
Cheibriados
Dithmenos
Elyvilon
Fedhas
Gozag
Hepliaklqana
Makhleb
Nemelex Xobeh
Okawaru
Qazlal
Ru
Trog
Uskayaw
Wu Jian
Xom
Yredelemnul
Zin
The Shining One

Shops:
D:2 [   D:5 (

Annotations:
Gauntlet 10 transporters, 21 runed translucent doors


Innate Abilities, Weirdness & Mutations

You are immune to sickness and miasma.
You are immune to poison.
Your flesh is very heat resistant. (rF++)
You are vulnerable to cold. (rC-)
You float through the air rather than walking.
You learn spells naturally, not from books.
Your magical power is your life essence.
You have superior vitality. (+4 MHP)


Message History

You miscast Conjure Ball Lightning.
You are very lightly contaminated with residual magic.
There is a short, sharp shower of sparks.
You resist.
* * * LOW HITPOINT WARNING * * *
* * * LOW HITPOINT WARNING * * *
The raiju is engulfed in a cloud of scalding steam.
The raiju barely misses you.
Casting: Conjure Ball Lightning (dangerous; 3% risk of failure)
Confirm with . or Enter, or press ? or * to list all spells.
You feel a surge of power!
You create some ball lightning!
* * * LOW HITPOINT WARNING * * *
3 ball lightnings come into view.
The raiju completely misses you.
Your ball lightning explodes!
The blast of lightning engulfs your ball lightning.
Your ball lightning completely resists.
The blast of lightning engulfs your ball lightning.
Your ball lightning completely resists.
The blast of lightning engulfs the raiju.
The raiju completely resists.
The raiju is lightly wounded.
The blast of lightning engulfs you! You resist.
* * * LOW HITPOINT WARNING * * *
Your ball lightning explodes!
The blast of lightning engulfs your ball lightning.
Your ball lightning completely resists.
The blast of lightning engulfs you. You resist.
* * * LOW HITPOINT WARNING * * *
The blast of lightning engulfs the raiju.
The raiju completely resists.
The raiju is lightly wounded.
Your ball lightning explodes!
The blast of lightning engulfs you! You resist.
* * * LOW HITPOINT WARNING * * *
The blast of lightning engulfs the raiju.
The raiju completely resists.
The raiju is lightly wounded.
The raiju bites you!
You die...

........#.#...........≈......
...
..#######.#######....≈8≈....#
###
..#©...........©#.....≈.....#
... #####################...#
### .+.©.+..#≈#..#.##..##...#
y.. ^+...+^.#§###..#.####...
.# +#+#+#++#≈##.#..##.##... .
.+...+..#≈#.#..#h...#...
.+...+..#8##.###@##.# .
+#...#++#≈#....###..#...
.#+++#..#≈##.# ..##... .
9.......#≈#..# .#.#... .#
.!.©.)..#≈#..[ #.##. . [.
############## # #... ##
..#©.......... .. .≈. ..
..#######.#### .. 8§ ##
........#.#... ..


You could see a raiju (inner flame).

Vanquished Creatures
  Gastronok (D:8)
  7 hydras
  A boulder beetle (D:10)
  A centaur warrior (D:11)
  A catoblepas (Lair:3)
  3 two-headed ogres
  A death yak (Lair:2)
  A manticore (D:11)
  An ugly thing (D:11)
  An oklob plant (Lair:3)
  A cyclops (D:10)
  Maurice (D:8)
  Joseph (D:8)
  2 black mambas
  3 elephants (Lair:3)
  5 cane toads
  An ice statue (Gauntlet)
  4 torpor snails
  4 rime drakes
  7 komodo dragons
  3 polar bears
  2 trolls
  3 hornets
  10 blink frogs
  2 jumping spiders (Lair:3)
  A shadow (D:11)
  A culicivora (Lair:3)
  2 wyverns
  22 yaks
  Grum (D:9)
  A redback (Lair:3)
  4 steam dragons
  3 basilisks
  3 acid dragons
  5 water moccasins
  An orc warrior (D:10)
  2 ice beasts (D:5)
  3 sky beasts
  2 black bears
  3 ogres
  5 centaurs
  4 wolves
  2 kobold brigands (D:9)
  A gnoll sergeant (D:10)
  10 bullfrogs
  A scorpion (D:6)
  3 necrophages
  3 wights (D:7)
  9 killer bees
  3 electric eels
  A vampire bat (D:4)
  3 hounds
  2 jellies
  2 human zombies (Ossuary)
  An orc priest (D:3)
  Crazy Yiuf (D:2)
  6 orc wizards
  2 hound zombies (Ossuary)
  A hound skeleton (D:6)
  3 mummies (Ossuary)
  5 gnolls (D:10)
  7 adders
  3 white imps
  3 ufetubi
  4 adder zombies (Ossuary)
  3 worms
  3 dart slugs
  3 fire bats (D:4)
  32 orcs
  2 spectral bats (D:4)
  3 bat skeletons (D:4)
  A bat zombie (D:4)
  3 endoplasms
  5 giant cockroaches
  4 goblins
  4 hobgoblins
  2 jackals (D:1)
  5 quokkas
  7 ball pythons
  13 bats
  A bat simulacrum (D:4)
  5 frilled lizards
  4 goblin zombies (Ossuary)
  4 hobgoblin zombies (Ossuary)
  6 jackal zombies (Ossuary)
  13 kobolds
  2 kobold zombies (Ossuary)
  3 orc zombies (Ossuary)
  4 quokka zombies (Ossuary)
  2 rats
  3 rat zombies (Ossuary)
  3 bushes (Lair:3)
346 creatures vanquished.

Vanquished Creatures (others)
  A kobold (D:9)
  10 ball lightnings (Gauntlet)
  20 fungi
  80 plants
  18 toadstools
129 creatures vanquished.

Grand Total: 475 creatures vanquished

Notes
Turn   | Place    | Note
-------+----------+-------------------------------------------
     0 | D:1      | Decritt the Djinni Earth Elementalist began the quest for
                  | the Orb.
     0 | D:1      | Decritt set off with the following spells memorised:
                  | Sandblast, Passwall, Stone Arrow, Petrify.
     0 | D:1      | Reached XP level 1. HP: 15/15 MP: 0/0
   155 | D:1      | Reached XP level 2. HP: 17/22 MP: 0/0
   276 | D:1      | Reached skill level 1 in Fighting
   856 | D:2      | Found Plog's Armour Emporium.
   864 | D:2      | Reached XP level 3. HP: 22/27 MP: 0/0
   864 | D:2      | Learned a level 1 spell: Kiss of Death
  1221 | D:2      | Found a faded altar of an unknown god.
  1225 | D:2      | Reached skill level 2 in Fighting
  1273 | D:2      | Reached XP level 4. HP: 32/33 MP: 0/0
  1427 | D:2      | Found a runed translucent door.
  1428 | D:2      | Noticed Crazy Yiuf
  1816 | D:3      | Reached XP level 5. HP: 39/40 MP: 0/0
  1816 | D:3      | Learned a level 2 spell: Static Discharge
  1821 | D:3      | Found a snail-covered altar of Cheibriados.
  2111 | D:3      | Reached skill level 3 in Fighting
  2593 | D:3      | Found a glowing golden altar of the Shining One.
  2602 | D:3      | Found a shimmering altar of Xom.
  2709 | D:4      | Reached XP level 6. HP: 45/46 MP: 0/0
  2892 | D:4      | Reached skill level 4 in Fighting
  3027 | D:4      | Found a staircase to the Ecumenical Temple.
  3040 | Temple   | Entered the Ecumenical Temple
  3154 | D:4      | Identified a scroll of acquirement
  3154 | D:4      | Acquired the ring of Satisfaction {Will+ Int+6}
  3523 | D:2      | Killed Crazy Yiuf
  3524 | D:2      | Reached XP level 7. HP: 52/53 MP: 0/0
  3524 | D:2      | Learned a level 2 spell: Scorch
  3609 | D:5      | Entered Level 5 of the Dungeon
  3821 | D:5      | Found a glowing silver altar of Zin.
  3878 | D:5      | Reached skill level 5 in Fighting
  3930 | D:5      | Found Jewosoz's Antique Weapon Boutique.
  3939 | D:5      | Bought a jewelled shortbow for 216 gold pieces
  3939 | D:5      | Identified the +11 shortbow of Qaijuj {speed, rN+ MP+9}
                  | (You bought it in a shop on level 5 of the Dungeon)
  4089 | D:5      | Reached skill level 5 in Spellcasting
  4091 | D:5      | Reached XP level 8. HP: 59/61 MP: 0/0
  4311 | D:5      | Reached skill level 6 in Fighting
  4311 | D:5      | Reached skill level 1 in Armour
  4486 | D:6      | Found a shadowy altar of Dithmenos.
  4487 | D:6      | Found a sparkling altar of Nemelex Xobeh.
  4528 | D:6      | Found an opulent altar of Gozag.
  4661 | D:6      | Found a sand-covered staircase.
  4667 | Ossuary  | Entered an ossuary
  5059 | D:6      | Found a burning altar of Makhleb.
  5074 | D:6      | Became a worshipper of Makhleb the Destroyer
  5211 | D:6      | Reached XP level 9. HP: 67/67 MP: 0/0
  5211 | D:6      | Learned a level 3 spell: Inner Flame
  5318 | D:6      | Reached skill level 7 in Fighting
  5548 | D:6      | Found a hide-covered altar of Uskayaw.
  5637 | D:7      | Noticed a hornet
  5650 | D:7      | Killed a hornet
  6214 | D:7      | Identified the +4 spear "Qaffewut" {vorpal, Will++ Int+4}
  6378 | D:7      | Reached skill level 8 in Fighting
  6771 | D:7      | Reached * piety under Makhleb
  6868 | D:8      | Reached XP level 10. HP: 58/76 MP: 0/0
  6923 | D:8      | Noticed a two-headed ogre
  6928 | D:8      | Noticed Joseph
  6929 | D:8      | Killed a two-headed ogre
  6930 | D:8      | Reached skill level 5 in Dodging
  7139 | D:8      | Killed Joseph
  7335 | D:8      | Reached skill level 9 in Fighting
  7946 | D:8      | Noticed Maurice
  7949 | D:8      | Killed Maurice
  8270 | D:8      | Noticed Gastronok
  8284 | D:8      | Killed Gastronok
  8285 | D:8      | Reached skill level 5 in Armour
  8285 | D:8      | Reached XP level 11. HP: 31/85 MP: 0/0
  8285 | D:8      | Learned a level 5 spell: Borgnjor's Vile Clutch
  9185 | D:9      | Identified the +2 leather armour of Ysyry {rF+ Dex+3}
  9262 | D:9      | Reached skill level 10 in Fighting
  9851 | D:9      | Noticed Grum
  9854 | D:9      | Killed Grum
 10160 | D:10     | Entered Level 10 of the Dungeon
 10330 | D:10     | Reached ** piety under Makhleb
 10358 | D:10     | Identified the +2 executioner's axe of Conservatism
                  | {vorpal, rPois rC+}
 10560 | D:10     | Noticed a cyclops
 10564 | D:10     | Killed a cyclops
 10648 | D:10     | Found a staircase to the Orcish Mines.
 10673 | D:10     | Found a snail-covered altar of Cheibriados.
 10673 | D:10     | Noticed a boulder beetle
 10679 | D:10     | Killed a boulder beetle
 10901 | D:10     | Noticed a two-headed ogre
 10906 | D:10     | Killed a two-headed ogre
 11132 | D:10     | Found a hazy altar of Hepliaklqana.
 11211 | D:10     | Found a staircase to the Lair.
 11945 | D:11     | Noticed a centaur warrior
 11951 | D:11     | Killed a centaur warrior
 12149 | D:11     | Reached skill level 11 in Fighting
 12188 | D:11     | Noticed a manticore
 12193 | D:11     | Killed a manticore
 12417 | D:11     | Noticed a red ugly thing
 12422 | D:11     | Killed a red ugly thing
 12423 | D:11     | Reached XP level 12. HP: 87/94 MP: 0/0
 12493 | D:11     | Noticed a two-headed ogre
 12500 | D:11     | Killed a two-headed ogre
 13026 | D:11     | Identified the +2 whip of the Feral God {holy, Fly Int+2}
 13175 | Lair:1   | Entered Level 1 of the Lair of Beasts
 13369 | Lair:1   | Found a snail-covered altar of Cheibriados.
 14060 | Lair:2   | Noticed a six-headed hydra
 14071 | Lair:2   | Killed a six-headed hydra
 14228 | Lair:2   | Noticed an eight-headed hydra
 14233 | Lair:2   | Killed an eight-headed hydra
 14242 | Lair:2   | Reached skill level 12 in Fighting
 14394 | Lair:2   | Found a staircase to the Shoals.
 14497 | Lair:2   | Noticed a six-headed hydra
 14503 | Lair:2   | Killed a six-headed hydra
 14760 | Lair:2   | Found a frozen archway.
 15111 | Lair:2   | Noticed a six-headed hydra
 15493 | Lair:2   | Reached skill level 10 in Spellcasting
 15493 | Lair:2   | Reached XP level 13. HP: 84/102 MP: 0/0
 15493 | Lair:2   | Learned a level 5 spell: Silence
 15817 | Lair:3   | Noticed a five-headed hydra
 15820 | Lair:3   | Killed a five-headed hydra
 15847 | Lair:3   | Reached *** piety under Makhleb
 15889 | Lair:3   | Noticed a catoblepas
 16019 | Lair:2   | Reached skill level 13 in Fighting
 16302 | Lair:2   | Killed a six-headed hydra
 16746 | Lair:3   | Killed a catoblepas
 17182 | Lair:3   | Found a blossoming altar of Fedhas.
 17438 | Lair:3   | Noticed a six-headed hydra
 17444 | Lair:3   | Killed a six-headed hydra
 17533 | Lair:3   | Found a hole to the Spider Nest.
 17768 | Lair:4   | Noticed a four-headed hydra
 17773 | Lair:4   | Killed a four-headed hydra
 17866 | Lair:4   | Found a gate leading to a gauntlet.
 17897 | Gauntlet | Entered a Gauntlet
 17897 | Gauntlet | Found a transporter.
 17897 | Gauntlet | Found a transporter.
 17904 | Gauntlet | Found a transporter.
 17920 | Gauntlet | Found a transporter.
 17942 | Gauntlet | Found a transporter.
 17949 | Gauntlet | Found a transporter.
 17966 | Gauntlet | Found a transporter.
 18032 | Gauntlet | Found a transporter.
 18047 | Gauntlet | Found a transporter.
 18049 | Gauntlet | Found a large runed translucent door.
 18049 | Gauntlet | Found a large runed translucent door.
 18050 | Gauntlet | Found a large runed translucent door.
 18050 | Gauntlet | Found a large runed translucent door.
 18051 | Gauntlet | Found a large runed translucent door.
 18051 | Gauntlet | Found a runed translucent door.
 18051 | Gauntlet | Found a large runed translucent door.
 18051 | Gauntlet | Found a runed translucent door.
 18051 | Gauntlet | Found a large runed translucent door.
 18051 | Gauntlet | Found a large runed translucent door.
 18052 | Gauntlet | Found a large runed translucent door.
 18052 | Gauntlet | Found a large runed translucent door.
 18055 | Gauntlet | Found a large runed translucent door.
 18055 | Gauntlet | Found a large runed translucent door.
 18057 | Gauntlet | Found a large runed translucent door.
 18057 | Gauntlet | Found a large runed translucent door.
 18057 | Gauntlet | Found a large runed translucent door.
 18059 | Gauntlet | Found a runed translucent gate.
 18059 | Gauntlet | Found a runed translucent gate.
 18059 | Gauntlet | Found a runed translucent gate.
 18061 | Gauntlet | Found a transporter.
 18068 | Gauntlet | Noticed a catoblepas
 18073 | Gauntlet | Found a large runed translucent door.
 18075 | Gauntlet | Found a transporter.
 18091 | Gauntlet | Noticed a quicksilver ooze
 18092 | Gauntlet | Found a transporter.
 18165 | Gauntlet | Found a transporter.
 18270 | Gauntlet | Reached XP level 14. HP: 104/111 MP: 0/0
 18272 | Gauntlet | Reached skill level 10 in Dodging
 18307 | Gauntlet | Identified the ring "Rysexto" {rN+ Dex+3}
 18313 | Gauntlet | Reached skill level 14 in Fighting
 18313 | Gauntlet | Reached XP level 15. HP: 118/118 MP: 0/0
 18313 | Gauntlet | Learned a level 6 spell: Conjure Ball Lightning
 18350 | Gauntlet | HP: 1/118 [spore (7)]
 18350 | Gauntlet | Mangled by a raiju

Illustrated notes

Levels and vault maps discovered:
D:1:      nzn_arrival_crosshair, layout_loops_ring
D:2:      layout_basic, serial_shops, shop, ebering_ecumenical_altar_ruins,
          uniq_crazy_yiuf_cottage
D:3:      layout_loops_ring, amcnicky_altar_gilded, mainiacjoe_overflow_swirl
D:4:      layout_rooms, minmay_temple_entry_drinking_statues, goddamned_bats
D:5:      layout_basic, mainiacjoe_overflow_alcove_2, serial_shops, shop
D:6:      layout_gridville, makhleb_blood_cavern_becter, general_overflow_altar,
          gammafunk_temple_overflow_pools, nicolae_overflow_two_pavilions,
          nicolae_ossuary_entry_plus
D:7:      layout_gridville
D:8:      layout_layer_cave, mainiacjoe_overflow_six_doors_small,
          uniq_gastronok, uniq_maurice, uniq_joseph
D:9:      layout_cave_pools, fiery_altar_vehumet, serial_column_ruins,
          column_ruins_grid_3, column_ruins_columns_straight,
          column_ruins_columns_plus, column_ruins_grid_4,
          column_ruins_open_small, column_ruins_columns_straight,
          chequers_garden, uniq_grum
D:10:     layout_layer_cave, nzn_hepliaklqana_mist_gate, lair_entry_dummy,
          orc_0_dummy, enter_bailey_2, hangedman_feature_mirror,
          nicolae_kite_square_tiling_tiny, nicolae_zen_rock_garden,
          minmay_strange_pillars
D:11:     layout_stronghold, dk_noncrumbling_3, hellmonk_bongcloud_opening
Temple:   hellmonk_temple_beads
Lair:1:   layout_regular_city, kennysheep_snail_temple,
          infiniplex_staircase_pool
Lair:2:   nzn_winding_woodlands_stair_trap [nzn_winding_woodlands_5x15_parted,
          nzn_winding_woodlands_5x15_cabin,
          nzn_winding_woodlands_5x15_split_checker,
          nzn_winding_woodlands_15x15_thick_spiral,
          nzn_winding_woodlands_5x15_pockets,
          nzn_winding_woodlands_5x15_river_crossing,
          nzn_winding_woodlands_5x15_crooked], layout_regular_city,
          shoals_dummy_entry, portal_ice_cave_rime
Lair:3:   layout_regular_city, spider_nest_entry_funnel_web, tgw_fedhas
Lair:4:   gammafunk_lair_enchanted_lake, layout_long_grid,
          gauntlet_entry_generic, grunt_megastairs_4
Gauntlet: gammafunk_gauntlet_branching [nicolae_gauntlet_arena_grate_2,
          gammafunk_gauntlet_arena_grid,
          minmay_gauntlet_arena_make_your_own_arena,
          gammafunk_gauntlet_arena_mazey, nicolae_gauntlet_arena_blocks,
          gammafunk_gauntlet_arena_split_x, nicolae_gauntlet_arena_quarters,
          gammafunk_gauntlet_arena_open, nicolae_gauntlet_exit_dead_adventurers]

Skill      XL: |  1  2  3  4  5  6  7  8  9 10 11 12 13 14 |
---------------+-------------------------------------------+-----
Fighting       | 1 2 3 4 5 6 8 9 11 12 13 14 | 14.9
Spellcasting   | 3 4 5 6 7 9 10 11 | 11.5
Armour         | 2 3 5 6 7 8 |  8.8
Dodging        | 3 4 6 7 8 9 10 | 10.0
Stealth        | |  1.5

Action                   |  1- 3 |  4- 6 |  7- 9 | 10-12 | 13-15 || total
-------------------------+-------+-------+-------+-------+-------++-------
Melee: Unarmed           |    15 |     9 |       |       |       ||    24
       Staff             |       |     6 |       |       |       ||     6
       Spear             |       |       |     2 |    10 |     2 ||    14
 Fire: Shortbow          |       |       |   199 |       |       ||   199
 Cast: Sandblast         |    48 |    90 |     2 |       |       ||   140
       Stone Arrow       |       |    10 |    20 |       |     3 ||    33
       Scorch            |       |       |     4 |    56 |    22 ||    82
       Inner Flame       |       |       |     4 |    75 |    53 ||   132
       Borgnjor's Vile C |       |       |       |    83 |    55 ||   138
       Conjure Ball Ligh |       |       |       |       |     4 ||     4
  Use: Scroll            |       |     8 |     3 |    13 |     3 ||    27
       Potion            |       |       |     2 |     2 |     1 ||     5
Armor: Robe              |     7 |    10 |    22 |     4 |       ||    43
       Leather armour    |       |       |       |    13 |       ||    13
       Skin              |       |       |       |     4 |    12 ||    16
Dodge: Dodged            |    18 |    48 |    89 |    84 |    59 ||   298

Table legend: (Time is in decaauts)
 A = Elapsed time spent in this place.
 B = Non-inter-level travel time spent in this place.
 C = Inter-level travel time spent in this place.
 D = Time resting spent in this place.
 E = Time spent auto-exploring this place.
 F = Levels seen in this place.
 G = Mean time per level.
                   A        B        C        D        E       F      G
               +--------+--------+--------+--------+--------+-----+--------+
         Total |  19015 |  18432 |    583 |   4143 |  11934 |  18 | 1056.4 |
       Dungeon |  13138 |  12731 |    407 |   3035 |   8273 |  11 | 1194.4 |
        Temple |    108 |     95 |     13 |      0 |     86 |   1 |  108.0 |
          Lair |   4986 |   4824 |    162 |    999 |   3186 |   4 | 1246.5 |
       Ossuary |    297 |    297 |      0 |      0 |    165 |   1 |  297.0 |
      Gauntlet |    484 |    484 |      0 |    109 |    223 |   1 |  484.0 |
               +--------+--------+--------+--------+--------+-----+--------+

Top non-repeatable levels by time:
  Lair:2: 2571 daAuts
     D:7: 2050 daAuts
    D:10: 1818 daAuts
     D:8: 1456 daAuts
  Lair:3: 1348 daAuts
    D:11: 1288 daAuts
     D:3: 1278 daAuts
     D:9: 1254 daAuts
  Lair:1: 902 daAuts
     D:5: 863 daAuts
     D:1: 848 daAuts
     D:6: 836 daAuts
     D:2: 777 daAuts
     D:4: 667 daAuts
Gauntlet: 484 daAuts
